 Dungeon Crawl Stone Soup version 0.22-a0-423-g4197694 (webtiles) character file.

78 Veiltonx the Grave Robber (level 4, -16/33 HPs)
             Began as a Demonspawn Necromancer on May 23, 2018.
             Demolished by an ogre
             ... wielding a +0 giant club
              (25 damage)
             ... on level 2 of the Dungeon.
             The game lasted 00:07:43 (2011 turns).

Veiltonx the Grave Robber (Demonspawn Necromancer)  Turns: 2011, Time: 00:07:44

Health: -16/33     AC:  2    Str:  9    XL:     4   Next: 15%
Magic:  0/8        EV: 12    Int: 17    God:
Gold:   166        SH:  0    Dex: 13    Spells: 6/8 levels left

rFire    . . .     SeeInvis .   i - +1 dagger (venom)
rCold    + . .     Gourm    .   (no shield)
rNeg     . . .     Faith    .   a - +0 robe
rPois    .         Spirit   .   (no helmet)
rElec    .         Reflect  .   (no cloak)
rCorr    .         Harm     .   (no gloves)
MR       .....                  (no boots)
Stlth    ++........             (no amulet)
HPRegen  0.11/turn              (no ring)
MPRegen  0.11/turn              (no ring)

@: no status effects
A: cold resistance 1, freezing cloud immunity
a: no special abilities


You were on level 2 of the Dungeon.
You were not hungry.

You visited 1 branch of the dungeon, and saw 2 of its levels.

You collected 166 gold pieces.

Inventory:

Hand Weapons
 i - a +1 dagger of venom (weapon)
Missiles
 f - 2 tomahawks
 g - a throwing net (quivered)
Armour
 a - a +0 robe (worn)
Scrolls
 d - 3 scrolls of fog {unknown}
 e - 2 scrolls of teleportation {unknown}
 h - a scroll of fear {unknown}
 j - 2 scrolls of magic mapping {unknown}
 l - 5 scrolls of identify {unknown}
 n - a scroll of immolation {unknown}
Potions
 b - a potion of curing {unknown}
 k - a potion of flight {unknown}
 o - a potion of might {unknown}
Comestibles
 c - 5 rations
 m - a chunk of flesh


   Skills:
 + Level 1.6 Fighting
 - Level 2.0 Dodging
 - Level 2.0 Stealth
 + Level 2.8 Spellcasting
 + Level 5.0 Necromancy


You had 6 spell levels left.
You knew the following spells:

 Your Spells              Type           Power        Failure   Level  Hunger
a - Pain                  Necr           ###.         2%          1    #......
b - Animate Skeleton      Necr           N/A          2%          1    #......

Your spell library contained the following spells:

 Spells                   Type           Power        Failure   Level  Hunger
 Animate Dead             Necr           N/A          22%         4    #####..
 Vampiric Draining        Necr           ###.......   7%          3    ###....
 Regeneration             Chrm/Necr      ##........   19%         3    ###....


Dungeon Overview and Level Annotations

Branches:
Dungeon (2/15)

Altars:
Cheibriados
Trog


Innate Abilities, Weirdness & Mutations

Your flesh is cold resistant. (rC+)
You are immune to freezing clouds.


Message History

Casting: Pain (safe; 2% risk of failure)
Confirm with . or Enter, or press ? or * to list all spells.
Aiming: Pain (safe; 2% risk of failure)
Press: ? - help, Shift-Dir - straight line, f/p - ogre
Aim: an ogre, wielding a giant club (heavily wounded, chance to defeat MR: 78%)
The ogre barely resists.
Casting: Pain (safe; 2% risk of failure)
Confirm with . or Enter, or press ? or * to list all spells.
Aiming: Pain (safe; 2% risk of failure)
Press: ? - help, Shift-Dir - straight line, f/p - ogre
Aim: an ogre, wielding a giant club (heavily wounded, chance to defeat MR: 78%)
The ogre writhes in agony!
The ogre barely misses you.
Casting: Pain (safe; 2% risk of failure)
Confirm with . or Enter, or press ? or * to list all spells.
Aiming: Pain (safe; 2% risk of failure)
Press: ? - help, Shift-Dir - straight line, f/p - ogre
Aim: an ogre, wielding a giant club (severely wounded, chance to defeat MR: 78%)
The ogre writhes in agony!
The ogre hits you with a giant club!!
Ouch! That really hurt!
You die...

.... #.# .# ...####.#
#######.# #.....#.#
#.......# .......#
#.....#
#.....###....# ######
#r..........####.....
#........>#.#....####
#.(.O......_..####
#...@.....#.###
#...........#
#...........#
#._.....#####
#.......# #.......#
#.......# #########


You could see an ogre and a rat.

Vanquished Creatures
  2 adders (D:2)
  An ooze (D:2)
  3 dart slugs
  A leopard gecko (D:2)
  A ball python (D:1)
  12 bats
  2 giant cockroaches (D:2)
  4 goblins
  3 hobgoblins
  4 jackals (D:1)
  3 kobolds (D:1)
  A quokka (D:2)
  6 frilled lizards
  3 rats (D:1)
46 creatures vanquished.

Vanquished Creatures (collateral kills)
  A hobgoblin (D:2)
  2 kobolds
3 creatures vanquished.

Grand Total: 49 creatures vanquished

Notes
Turn   | Place    | Note
-------+----------+-------------------------------------------
     0 | D:1      | Veiltonx the Demonspawn Necromancer began the quest for the Orb.
     0 | D:1      | Reached XP level 1. HP: 13/13 MP: 3/3
   333 | D:1      | Gained mutation: Your flesh is cold resistant. (rC+) [demonic ancestry]
   333 | D:1      | Reached XP level 2. HP: 17/19 MP: 1/5
   417 | D:1      | Learned a level 1 spell: Animate Skeleton
  1101 | D:1      | Gained mutation: You are immune to freezing clouds. [demonic ancestry]
  1101 | D:1      | Reached XP level 3. HP: 15/25 MP: 3/6
  1362 | D:1      | Reached skill level 1 in Fighting
  1720 | D:2      | Reached skill level 5 in Necromancy
  1720 | D:2      | Reached XP level 4. HP: 28/32 MP: 5/8
  1957 | D:2      | Found a snail-covered altar of Cheibriados.
  1981 | D:2      | Found a bloodstained altar of Trog.
  2000 | D:2      | Noticed an ogre
  2011 | D:2      | Demolished by an ogre

Vault maps used:
D:1:      mainiacjoe_arrival_reflecting_pool
D:2:      lemuel_crystal_altar, bloody_trog

Skill      XL: |  1  2  3 |
---------------+----------+-----
Dodging        | 2 |  2.0
Stealth        | 2 |  2.0
Fighting       | 1 |  1.6
Necromancy     | 5 |  5.0
Spellcasting   | |  2.8

Action                   |  1- 3 |  4- 6 || total
-------------------------+-------+-------++-------
Melee: Unarmed           |    24 |       ||    24
       Dagger            |    84 |    12 ||    96
       Club              |     5 |       ||     5
 Cast: Pain              |     9 |    14 ||    23
       Animate Skeleton  |     8 |       ||     8
 Stab: Sleeping          |     5 |     1 ||     6
  Eat: Chunk             |     3 |     1 ||     4
Armor: Robe              |    35 |     2 ||    37
Dodge: Dodged            |    91 |    14 ||   105

Table legend:
 A = Spawn XP
 B = Non-spawn XP
 C = Spawn XP percentage of total XP
 D = Spawn monster count
 E = Non-spawn monster count
 F = Spawn count percentage of total count
 G = Total turns spent on level
                    A         B        C        D         E        F      G
               +---------+---------+-------+---------+---------+-------+---------
         Total |       0 |     112 |   0.0 |       0 |      49 |   0.0 |  2011
               +---------+---------+-------+---------+---------+-------+---------
           D:1 |       0 |      47 |   0.0 |       0 |      28 |   0.0 |  1374
           D:2 |       0 |      65 |   0.0 |       0 |      21 |   0.0 |   637
               +---------+---------+-------+---------+---------+-------+---------
